[Event "Team 45 45 League T33"]
[Site "Internet Chess Club"]
[Date "2007.04.29"]
[Round "2"]
[White "AVEMARIA"]
[Black "mambomex"]
[Result "0-1"]
[WhiteElo "1770"]
[BlackElo "1793"]
[ECO "C77"]
[TimeControl "2700+45"]

1. e4 e5 2. Nf3 Nc6 3. Bb5 a6 4. Ba4 Nf6 5. Qe2 b5 6. Bb3 Be7 7. c3 O-O 8. O-O
d6 9. h3 Na5 10. Bc2 c5 11. d4 Qc7 12. Bg5 Bb7 13. d5 h6 14. Bh4 Nc4 15. b3 Nb6
16. Nbd2 Nh5 17. Qe3 Bxh4 18. Nxh4 Nf4 19. Nf5 Bc8 20. Ng3 f5 21. c4 Nxh3+ 22.
gxh3 f4 23. Qf3 fxg3 24. Qxg3 Qf7 25. Bd1 Bd7 26. Rc1 Qf4 27. Qxf4 Rxf4 28. Kg2
Raf8 29. Rc3 b4 30. Rf3 Rh4 31. Rg3 Nc8 32. Bg4 Bxg4 33. hxg4 Rf4 34. g5 hxg5
35. Rxg5 Ne7 36. f3 Rh6 37. Rh1 Rxh1 38. Kxh1 Rf6 39. Kg2 Ng6 40. Rf5 {White
resigns} 0-1

[Event "Team 45 45 League T33"]
[Site "Internet Chess Club"]
[Date "2007.04.28"]
[Round "2"]
[White "fantanaranja"]
[Black "Freidenker"]
[Result "1-0"]
[WhiteElo "1714"]
[BlackElo "1581"]
[ECO "A46"]
[TimeControl "2700+45"]

1. d4 Nf6 2. Nf3 e6 3. Bg5 h6 4. Bh4 Be7 5. e3 d5 6. Bd3 Nbd7 7. c4 c6 8. Nc3
Qc7 9. O-O O-O 10. c5 b6 11. Bg3 Qd8 12. b4 a5 13. b5 cxb5 14. c6 {Black
resigns} 1-0

[Event "Team 45 45 League T33"]
[Site "Internet Chess Club"]
[Date "2007.04.26"]
[Round "2"]
[White "hondocando"]
[Black "chipionero"]
[Result "1-0"]
[WhiteElo "1559"]
[BlackElo "1672"]
[ECO "B23"]
[TimeControl "2700+45"]

1. e4 c5 2. Nc3 d6 3. g3 Nc6 4. Bg2 Nf6 5. d3 g6 6. h3 Bg7 7. Be3 a6 8. Qd2 Bd7
9. f4 Rb8 10. Nf3 e6 11. O-O Qc7 12. g4 Na7 13. Rae1 Bc6 14. Qf2 Nd7 15. f5 gxf5
16. exf5 e5 17. Ne4 f6 18. Qd2 h6 19. Nh4 d5 20. Nxc5 Nb5 21. Ne6 {Black
resigns} 1-0

[Event "Team 45 45 League T33"]
[Site "Internet Chess Club"]
[Date "2007.04.29"]
[Round "2"]
[White "Bug"]
[Black "RisingMercury"]
[Result "0-1"]
[WhiteElo "2133"]
[BlackElo "1995"]
[ECO "A00"]
[TimeControl "2700+45"]

1. e3 g6 2. d4 Bg7 3. c4 Nf6 4. Nc3 O-O 5. Bd3 d5 6. cxd5 Nxd5 7. Nge2 c5 8. O-O
cxd4 9. exd4 Nc6 10. Be3 e5 11. Nxd5 Qxd5 12. Nc3 Qa5 13. d5 Nd4 14. Qd2 Bf5 15.
f3 Rac8 16. Rfc1 a6 17. Rab1 b5 18. b4 Qd8 19. Bxf5 Nxf5 20. Bc5 Bh6 21. Qf2
Rxc5 22. bxc5 Be3 23. Ne4 Bxf2+ 24. Kxf2 Nd4 25. c6 f5 26. c7 Qh4+ 27. Ng3 Rc8
28. d6 Ne6 29. Rc6 Qd4+ 30. Ke1 Qe3+ 31. Kf1 Qd3+ 32. Kf2 Qxb1 33. d7 Qxa2+ 34.
Ne2 Rxc7 35. Rxc7 Qd5 {White resigns} 0-1

[Event "Team 45 45 League T33"]
[Site "Internet Chess Club"]
[Date "2007.04.29"]
[Round "2"]
[White "SuperMathBoy"]
[Black "gracey"]
[Result "1/2-1/2"]
[WhiteElo "2040"]
[BlackElo "2144"]
[ECO "B52"]
[TimeControl "2700+45"]

1. e4 c5 2. Nf3 d6 3. Bb5+ Bd7 4. Bxd7+ Qxd7 5. c4 Nc6 6. d4 cxd4 7. Nxd4 Nf6 8.
Nc3 g6 9. Nde2 Bg7 10. f3 O-O 11. O-O Ne5 12. b3 Rfc8 13. Bg5 Ne8 14. Qd2 Nc7
15. Rfd1 Ne6 16. Be3 Nc5 17. Rab1 Kf8 18. Kh1 Kg8 19. Nd5 Kh8 20. Bg5 f6 21. Be3
Kg8 22. Ndc3 Kh8 23. Nd5 Kg8 24. Nec3 e6 25. Nf4 Bf8 26. Nb5 Nf7 27. Qf2 b6 28.
Nd4 Bh6 29. Nb5 Bf8 30. Nd4 Bh6 31. Nde2 Ne5 32. b4 Bxf4 33. Nxf4 Nb7 34. c5 Nc4
35. cxb6 axb6 36. Bxb6 g5 37. Nd3 Ra3 38. Nc5 Qc6 39. Nxb7 Qxb7 40. Bd4 e5 41.
Bb2 Rxa2 42. f4 gxf4 43. Qe2 Rxb2 44. Rxb2 Nxb2 45. Qxb2 Qxe4 46. b5 Rc2 47.
Qb3+ d5 48. Qh3 d4 49. Qe6+ Kg7 50. Qe7+ Kg6 51. Rg1 d3 52. h4 Qd5 53. b6 Rb2
54. h5+ Kxh5 55. Qxh7+ Kg5 56. Qg7+ Kf5 57. Qh7+ Ke6 58. Qg8+ Kd6 {Game drawn by
mutual agreement} 1/2-1/2

[Event "Team 45 45 League T33"]
[Site "Internet Chess Club"]
[Date "2007.04.30"]
[Round "2"]
[White "morgado"]
[Black "jcdios"]
[Result "0-1"]
[WhiteElo "1911"]
[BlackElo "1952"]
[ECO "D00"]
[TimeControl "2700+45"]

1. d4 d5 2. e3 Nf6 3. Bd3 c5 4. c3 Nc6 5. f4 Bg4 6. Nf3 e6 7. O-O Bd6 8. Qe1 O-O
9. Ne5 Bf5 10. Qe2 Bxd3 11. Qxd3 Ne4 12. Nd2 f5 13. Qe2 Nxd2 14. Bxd2 Nxe5 15.
fxe5 Be7 16. g4 Qe8 17. gxf5 Rxf5 18. Rxf5 Qg6+ 19. Qg2 Qxf5 20. Rf1 Qg6 21.
Qxg6 hxg6 22. Kg2 Rf8 23. Rxf8+ Kxf8 24. Kf3 c4 25. e4 Kf7 26. exd5 exd5 27. Kg4
b5 28. Bg5 Bf8 29. Bd8 b4 30. Bc7 bxc3 31. bxc3 Ba3 32. Bd6 Bb2 33. Bb4 Bc1 34.
a4 a6 35. h4 Bd2 36. h5 gxh5+ 37. Kxh5 g5 38. Ba5 Ke6 39. Kg4 Be3 40. Kf3 Bd2
41. Bb4 Bc1 42. Ke2 Kf5 43. Kd1 Be3 44. Ba3 g4 45. Ke1 Bh6 46. Kf2 Bd2 47. Bb4
Bg5 48. Kg3 Bf4+ 49. Kg2 Bd2 50. Ba5 Bg5 51. Kg3 Bf4+ 52. Kh4 Bg5+ 53. Kg3 Bf4+
54. Kf2 Bd2 55. Ke2 Bg5 56. Bb4 Bf4 57. Be7 Ke6 58. Bd8 Kf5 59. Bh4 Bh6 60. Bf2
Bf8 61. Be3 Ba3 62. Bd2 Bb2 63. Kf2 Ba3 64. Kg3 Be7 65. Bh6 Ba3 66. Kh4 Be7+ 67.
Kh5 Ba3 68. Bd2 Be7 69. Kh6 Bf8+ 70. Kh7 Ba3 71. Kg7 Ke6 72. Kg6 g3 73. Kg5 g2
74. Be3 Bc1 {White resigns} 0-1

[Event "Team 45 45 League T33"]
[Site "Internet Chess Club"]
[Date "2007.04.30"]
[Round "2"]
[White "qs16"]
[Black "Nosferatu1"]
[Result "1/2-1/2"]
[WhiteElo "1919"]
[BlackElo "1800"]
[ECO "B36"]
[TimeControl "2700+45"]

1. e4 c5 2. Nf3 Nc6 3. d4 cxd4 4. Nxd4 g6 5. c4 Nf6 6. Nc3 d6 7. Be2 Nxd4 8.
Qxd4 Bg7 9. Bd2 O-O 10. Qd3 Be6 11. Be3 Qa5 12. O-O Rfc8 13. Nd5 Kf8 14. Bd2 Qd8
15. Bc3 Nxd5 16. Bxg7+ Kxg7 17. exd5 Bf5 18. Qd4+ f6 19. Bg4 Qd7 20. Bxf5 Qxf5
21. Rfe1 Re8 22. Rad1 b6 23. b3 Rad8 24. Re6 Kf7 25. Rde1 Rd7 26. h3 h5 27. Qe3
g5 28. Qe2 g4 29. h4 Qf4 30. g3 Qf5 31. Qe3 Qg6 32. b4 Qc2 33. Qh6 Qg6 34. Qd2
Qf5 35. Qe2 Qg6 36. Qd1 Qf5 37. Qa4 Red8 38. Qb3 Qg6 39. R6e4 Re8 40. c5 bxc5
41. bxc5 dxc5 42. Rxe7+ Rdxe7 43. d6+ Kf8 44. dxe7+ Rxe7 45. Qb8+ Qe8 46. Qd6
Kf7 47. Qd5+ Kg6 48. Qd3+ Kg7 49. Rxe7+ Qxe7 50. Qd5 {Game drawn by mutual
agreement} 1/2-1/2

[Event "Team 45 45 League T33"]
[Site "Internet Chess Club"]
[Date "2007.04.26"]
[Round "2"]
[White "SpikeyJ"]
[Black "Pawnster"]
[Result "1-0"]
[WhiteElo "2099"]
[BlackElo "2184"]
[ECO "A10"]
[TimeControl "2700+45"]

1. c4 b6 2. Nc3 e5 3. e4 Nc6 4. d3 Bb7 5. g3 Nf6 6. Bg2 Bc5 7. a3 O-O 8. b4 Bd4
9. Bd2 d6 10. Nge2 a6 11. O-O Qd7 12. Nxd4 Nxd4 13. Ne2 Ne6 14. f4 c5 15. f5 Nc7
16. h3 h6 17. g4 Nh7 18. h4 b5 19. g5 hxg5 20. hxg5 Qe7 21. Ng3 bxc4 22. f6 gxf6
23. gxf6 Qe6 24. Nf5 Nxf6 25. Qf3 Kh8 26. Kf2 Nh7 27. Rh1 Qg6 28. Rxh7+ {Black
resigns} 1-0

[Event "Team 45 45 League T33"]
[Site "Internet Chess Club"]
[Date "2007.04.30"]
[Round "2"]
[White "forketta"]
[Black "martineden"]
[Result "0-1"]
[WhiteElo "1957"]
[BlackElo "1985"]
[ECO "D52"]
[TimeControl "2700+45"]

1. d4 d5 2. c4 e6 3. Nc3 Nf6 4. Bg5 c6 5. e3 Nbd7 6. Nf3 Qa5 7. Nd2 dxc4 8. Bxf6
Nxf6 9. Nxc4 Qc7 10. Be2 Be7 11. O-O O-O 12. Qc2 b6 13. Ne5 Bb7 14. Rac1 Rfc8
15. a3 c5 16. Na4 Qb8 17. Qb1 cxd4 18. exd4 Qd6 19. Rfd1 Be4 20. Qa1 Bc2 21. Nc4
Rxc4 22. Bxc4 Bxa4 23. b3 Bc6 24. a4 Ng4 25. g3 h5 26. Bf1 Qd5 {White resigns}
0-1

[Event "Team 45 45 League T33"]
[Site "Internet Chess Club"]
[Date "2007.04.29"]
[Round "2"]
[White "Boromir"]
[Black "ddlj81"]
[Result "0-1"]
[WhiteElo "1938"]
[BlackElo "1972"]
[ECO "C55"]
[TimeControl "2700+45"]

1. e4 e5 2. Bc4 Nc6 3. Nf3 Nf6 4. d4 exd4 5. e5 d5 6. Bb5 Ne4 7. Nxd4 Bd7 8.
Bxc6 bxc6 9. O-O Bc5 10. f3 Ng5 11. Be3 O-O 12. f4 Ne6 13. f5 Nxd4 14. Bxd4 Bb6
15. Bxb6 cxb6 16. Nd2 Qg5 17. Qe2 Bxf5 18. Nf3 Bg4 19. h3 Bxf3 20. Rxf3 Rae8 21.
Re1 Re6 22. Ra3 Qe7 23. Qh5 Re8 24. Rf3 g6 25. Qh6 Rxe5 26. Ref1 Re1 27. Kh1
Rxf1+ 28. Rxf1 Qe2 29. Qf4 f5 30. Rf2 Qe3 31. Qh4 Qc1+ 32. Kh2 Qxb2 33. g3 Qxa2
34. Qf4 Qb2 35. h4 a5 36. h5 Qf6 37. hxg6 hxg6 {White resigns} 0-1

[Event "Team 45 45 League T33"]
[Site "Internet Chess Club"]
[Date "2007.04.27"]
[Round "2"]
[White "Gomer"]
[Black "Hastings"]
[Result "0-1"]
[WhiteElo "1291"]
[BlackElo "1391"]
[ECO "C24"]
[TimeControl "2700+45"]

1. e4 e5 2. Bc4 Nf6 3. d3 d5 4. exd5 Nxd5 5. Nc3 Bb4 6. Bd2 Nxc3 7. Bxc3 Bxc3+
8. bxc3 O-O 9. Nf3 Bg4 10. h3 Bh5 11. O-O Nc6 12. Rb1 Rb8 13. Qe2 Re8 14. Qe4
Bg6 15. Qe3 Na5 16. Bb5 c6 17. Ba4 b5 18. Bb3 Nxb3 19. axb3 a5 20. Nxe5 Qd5 21.
d4 f6 22. Nxg6 Rxe3 {White resigns} 0-1

[Event "Team 45 45 League T33"]
[Site "Internet Chess Club"]
[Date "2007.05.01"]
[Round "2"]
[White "JimGaming"]
[Black "JustinZ"]
[Result "0-1"]
[WhiteElo "1265"]
[BlackElo "1307"]
[ECO "C77"]
[TimeControl "2700+45"]

1. e4 e5 2. Nf3 Nc6 3. Bb5 a6 4. Ba4 Nf6 5. d3 b5 6. Bb3 Bc5 7. c3 O-O 8. O-O
Re8 9. h3 d5 10. Ng5 Be6 11. Be3 Bxe3 12. fxe3 Nxe4 13. Nxe4 dxe4 14. d4 Qg5 15.
Re1 Bxh3 16. Re2 Bg4 17. Qf1 Bxe2 18. Qxe2 exd4 19. cxd4 Na5 20. Nc3 Nxb3 21.
axb3 c5 22. Qd2 cxd4 23. Qxd4 Rad8 24. Qb6 Rd2 25. Qc6 Qxg2# {White checkmated}
0-1

[Event "Team 45 45 League T33"]
[Site "Internet Chess Club"]
[Date "2007.04.29"]
[Round "2"]
[White "DaMelch"]
[Black "therookery"]
[Result "1-0"]
[WhiteElo "1274"]
[BlackElo "1267"]
[ECO "B21"]
[TimeControl "2700+45"]

1. e4 c5 2. d4 Nf6 3. c3 Nxe4 4. Bc4 e6 5. Nf3 Nxf2 6. Kxf2 Bd6 7. Rf1 Qc7 8.
Kg1 b6 9. Be3 Bb7 10. Nbd2 Bxh2+ 11. Nxh2 O-O 12. Nhf3 Nc6 13. dxc5 Na5 14. Bb3
Nxb3 15. Qxb3 Ba6 16. cxb6 axb6 17. Bxb6 Qg3 18. Rfe1 Bb7 19. Bf2 Bd5 20. Bxg3
Bxb3 21. axb3 Rxa1 {Black resigns} 1-0

[Event "Team 45 45 League T33"]
[Site "Internet Chess Club"]
[Date "2007.05.05"]
[Round "2"]
[White "Cataclysm"]
[Black "slakkjaw"]
[Result "1-0"]
[WhiteElo "1268"]
[BlackElo "1281"]
[ECO "C30"]
[TimeControl "2700+45"]

1. e4 e5 2. f4 Nc6 3. Nf3 f6 4. Bc4 Bc5 5. fxe5 fxe5 6. Nc3 Nf6 7. d3 h6 8. Nh4
Nxe4 9. Qh5+ Ke7 10. Qf7+ Kd6 11. Nf5# {Black checkmated} 1-0

[Event "Team 45 45 League T33"]
[Site "Internet Chess Club"]
[Date "2007.04.29"]
[Round "2"]
[White "rgadoury"]
[Black "wekabird"]
[Result "1-0"]
[WhiteElo "1270"]
[BlackElo "1267"]
[ECO "D00"]
[TimeControl "2700+45"]

1. d4 d5 2. g3 c6 3. Bg2 Nf6 4. Nf3 e6 5. O-O Be7 6. Nbd2 O-O 7. c4 Nbd7 8. Re1
Rb8 9. a3 dxc4 10. Nxc4 Qc7 11. Bf4 e5 12. Nfxe5 Ra8 13. Ng6 Qd8 14. Nxf8 Kxf8
15. h3 Nd5 16. Bd2 b5 17. Bxd5 cxd5 18. Ne3 Nf6 19. Kg2 Qd7 20. g4 Bb7 21. Nf5
Bd8 22. Bb4+ Kg8 23. f3 g6 24. Ng3 a5 25. Bc5 Be7 26. Bxe7 Qxe7 27. Rc1 b4 28.
a4 Ne8 29. b3 Nd6 30. Qd2 f5 31. gxf5 Nxf5 32. Nxf5 gxf5 33. Qf4 Qf6 34. h4 Ba6
35. Qg5+ Qxg5+ 36. hxg5 Re8 37. Kf2 f4 38. e3 fxe3+ 39. Rxe3 Rf8 40. Rc5 Rf5 41.
Re5 Rf7 42. Rxa5 Bd3 43. Ke3 Bc2 44. Rb5 Bxb3 45. Rxb4 Bd1 46. f4 Rc7 47. Rxd5
Rc3+ 48. Kd2 Rf3 49. f5 Rf1 50. Rd8+ Kg7 51. Rb7# {Black checkmated} 1-0

[Event "Team 45 45 League T33"]
[Site "Internet Chess Club"]
[Date "2007.04.30"]
[Round "2"]
[White "Riddari"]
[Black "squeege"]
[Result "1-0"]
[WhiteElo "1318"]
[BlackElo "1204"]
[ECO "C77"]
[TimeControl "2700+45"]

1. e4 e5 2. Nf3 Nc6 3. Bb5 a6 4. Ba4 Nf6 5. d3 Be7 6. Bxc6 bxc6 7. Nxe5 O-O 8.
O-O Bb7 9. Re1 d6 10. Nf3 Re8 11. Nbd2 d5 12. e5 Nd7 13. d4 c5 14. c3 cxd4 15.
cxd4 Bb4 16. a3 Ba5 17. b4 Bb6 18. Qe2 c6 19. Nf1 a5 20. Rb1 axb4 21. axb4 Qe7
22. Ng3 Ra4 23. Bd2 Ba6 24. Qd1 Bb5 25. Nf5 Qe6 26. Nd6 Rd8 27. Ng5 Qe7 28.
Ngxf7 Rf8 29. Ng5 Bxd4 30. Kh1 Bc3 31. Qc2 g6 32. Qxc3 Rxf2 33. Nf3 Re2 34. Rxe2
Bxe2 35. Qxc6 Ra6 36. Qc8+ Kg7 37. Bg5 Qe6 38. Nd4 Qg4 39. Bf6+ Kh6 40. Qc1+ g5
41. Qc2 Nxf6 42. exf6 Rxd6 43. Nf5+ Kh5 44. Nxd6 Qe6 45. Qxh7+ Kg4 46. Qh3+
{Black resigns} 1-0

[Event "Team 45 45 League T33"]
[Site "Internet Chess Club"]
[Date "2007.04.28"]
[Round "2"]
[White "rpgrossman"]
[Black "Russ"]
[Result "0-1"]
[WhiteElo "1064"]
[BlackElo "1258"]
[ECO "A07"]
[TimeControl "2700+45"]

1. Nf3 d5 2. g3 Nf6 3. Bg2 Bf5 4. O-O c5 5. d3 Nc6 6. d4 e6 7. c3 h6 8. Nbd2 Bd6
9. c4 O-O 10. dxc5 Bxc5 11. Nb3 Be7 12. Be3 dxc4 13. Qxd8 Rfxd8 14. Nc5 Rab8 15.
Bf4 Bd6 16. Rad1 Bxf4 17. Rxd8+ Nxd8 18. gxf4 b6 19. Na6 Rc8 20. Rc1 Be4 21. Nd2
Bxg2 22. Kxg2 b5 23. e4 Nb7 24. e5 Nd5 25. Ne4 Nxf4+ 26. Kf1 Nd3 27. Rd1 Nxe5
28. Nd6 Rd8 29. Ke2 Rxd6 30. Rxd6 Nxd6 31. Nc7 Nd3 {White resigns} 0-1

[Event "Team 45 45 League T33"]
[Site "Internet Chess Club"]
[Date "2007.04.29"]
[Round "2"]
[White "Mutaant"]
[Black "BeginnerBoy"]
[Result "0-1"]
[WhiteElo "1452"]
[BlackElo "1471"]
[ECO "B20"]
[TimeControl "2700+45"]

1. e4 c5 2. Bc4 d6 3. Nc3 g6 4. d3 Bg7 5. Bg5 Nf6 6. h3 a6 7. a4 Nbd7 8. Nf3 Qa5
9. O-O Nb6 10. Bb3 O-O 11. Bd2 Nbd7 12. Bc4 Qc7 13. Nh4 Nb6 14. Ba2 Bd7 15. a5
Nc8 16. Bc4 Na7 17. f4 Qc8 18. f5 Nb5 19. fxg6 Bxh3 20. Rxf6 Bxf6 21. Qh5 Bd4+
22. Kh2 Be5+ 23. Kh1 hxg6 24. Qxg6+ Kh8 25. Qh6+ Kg8 26. Qg5+ Kh8 27. gxh3 Qxh3+
28. Kg1 Bd4+ 29. Be3 Bxe3+ 30. Qxe3 Rg8+ 31. Kf2 Qxh4+ 32. Kf1 Qh1+ 33. Ke2 Rg2+
34. Kf3 Qh3+ 35. Kf4 e5# {White checkmated} 0-1

[Event "Team 45 45 League T33"]
[Site "Internet Chess Club"]
[Date "2007.04.27"]
[Round "2"]
[White "BosqueVerde"]
[Black "seldredg"]
[Result "0-1"]
[WhiteElo "1210"]
[BlackElo "1392"]
[ECO "A85"]
[TimeControl "2700+45"]

1. d4 f5 2. c4 Nf6 3. Nc3 e6 4. a3 Be7 5. Qc2 d6 6. Nf3 O-O 7. e4 Nxe4 8. Nxe4
fxe4 9. Qxe4 Bd7 10. Bd3 g6 11. O-O e5 12. Bh6 Bf5 13. Qd5+ Rf7 14. Be2 c6 15.
Qxf7+ Kxf7 16. Rad1 e4 17. Nd2 Qb6 18. b4 Qxd4 19. Be3 Qf6 20. f3 Qc3 21. Bh6 e3
22. Ne4 Qxa3 23. Nxd6+ Bxd6 24. Rxd6 Qxb4 25. g4 Qxd6 26. gxf5 gxf5 27. f4 Qxh6
28. c5 Nd7 29. Bc4+ Kf6 {White resigns} 0-1

[Event "Team 45 45 League T33"]
[Site "Internet Chess Club"]
[Date "2007.04.30"]
[Round "2"]
[White "thalamus"]
[Black "Prop"]
[Result "0-1"]
[WhiteElo "1346"]
[BlackElo "1201"]
[ECO "C65"]
[TimeControl "2700+45"]

1. e4 e5 2. Nf3 Nc6 3. Bb5 Nf6 4. Qe2 Bc5 5. c3 O-O 6. d3 d5 7. Bg5 d4 8. Bxc6
bxc6 9. Nxe5 Qe8 10. Bxf6 gxf6 11. Ng4 Qe6 12. f3 f5 13. Nf2 Qg6 14. O-O Rd8 15.
c4 Bb7 16. Nd2 Re8 17. Nb3 Bd6 18. Nxd4 Qh5 19. h3 c5 20. Nb3 Re6 21. Kh1 Qh4
22. g3 Qxg3 23. Rg1 Qxg1+ 24. Kxg1 Rg6+ 25. Kh1 Kh8 26. Rg1 Rxg1+ 27. Kxg1 Rg8+
28. Kh1 f6 29. Nd2 Bc8 30. Nf1 Be5 31. a3 Bd4 32. b4 f4 33. Ng4 h5 34. Nfh2 hxg4
35. Nxg4 Rg5 36. b5 Kg7 37. Qg2 f5 38. exf5 Bxf5 39. h4 Rh5 40. Ne3+ Kf7 41.
Nxf5 Rxf5 42. Qg4 Re5 43. Qxf4+ Ke6 44. Qg4+ Kf6 45. f4 Re1+ 46. Kg2 Rg1+ 47.
Kf3 Rxg4 48. Kxg4 Be3 49. a4 Kg6 50. a5 Kh6 51. Kf5 Bd2 52. a6 Kh5 53. Ke5 Kxh4
54. f5 Kg5 55. Ke6 Bc3 56. Kd7 Kxf5 57. Kxc7 Ba5+ 58. Kb7 Bb6 59. Kc6 Ke5 60.
Kd7 Kd4 61. Kd6 Kxd3 62. Kd5 Kc3 63. Kd6 Kxc4 64. Kc6 Kb4 65. Kd5 c4 66. Ke4 c3
67. Kd3 Kb3 68. Ke2 Kb2 69. Kd1 c2+ {White resigns} 0-1

[Event "Team 45 45 League T33"]
[Site "Internet Chess Club"]
[Date "2007.04.29"]
[Round "2"]
[White "jocooper"]
[Black "QueenSlayer"]
[Result "1-0"]
[WhiteElo "1118"]
[BlackElo "1106"]
[ECO "D04"]
[TimeControl "2700+45"]

1. d4 d5 2. Nf3 Nf6 3. e3 Bg4 4. Bd3 Nc6 5. Nbd2 Bxf3 6. Qxf3 e6 7. O-O Bd6 8.
g3 O-O 9. Qe2 e5 10. c3 e4 11. Bc2 Qd7 12. c4 h6 13. cxd5 Nb4 14. Nxe4 Nfxd5 15.
Bb3 Rfe8 16. Bxd5 Nxd5 17. Bd2 Rxe4 18. Qc4 Nf6 19. f3 Ree8 20. e4 b5 21. Qd3
Qe6 22. e5 Bxe5 23. Rfe1 Bxd4+ 24. Kg2 Qd5 25. Rac1 c6 26. b3 Rxe1 27. Rxe1 Ng4
28. Re4 Nf2 29. Qe2 Nxe4 30. fxe4 Re8 31. Kf3 Rxe4 32. Qxe4 Qh5+ 33. Kg2 Qd5 34.
Kf3 Qxe4+ 35. Kxe4 c5 36. b4 g6 37. Kd5 f5 38. Bxh6 Kh7 39. Bf8 g5 40. Bxc5 Bxc5
41. bxc5 f4 42. Ke4 Kg6 43. c6 fxg3 44. hxg3 g4 45. c7 Kg5 46. c8=Q a5 47. Qc5+
Kf6 48. Qxb5 Kg6 49. Kf4 Kf6 50. Qf5+ Ke7 51. Ke5 Kd8 52. Qf7 a4 53. Kd6 Kc8 54.
Qc7# {Black checkmated} 1-0

[Event "Team 45 45 League T33"]
[Site "Internet Chess Club"]
[Date "2007.04.29"]
[Round "2"]
[White "fuzzface"]
[Black "strudel"]
[Result "1/2-1/2"]
[WhiteElo "1288"]
[BlackElo "1395"]
[ECO "A45"]
[TimeControl "2700+45"]

1. d4 Nf6 2. g3 e6 3. Bg2 d5 4. Bg5 h6 5. Bxf6 Qxf6 6. c3 Nd7 7. e3 c5 8. Ne2
Bd6 9. Nd2 Rb8 10. e4 dxe4 11. Nxe4 Qe7 12. Nxd6+ Qxd6 13. dxc5 Qxc5 14. Qd4 O-O
15. Qxc5 Nxc5 16. b4 Nd3+ 17. Kf1 b5 18. a4 a6 19. Nd4 Bb7 20. Nc6 Bxc6 21. Bxc6
bxa4 22. Ke2 Rfd8 23. Rxa4 Rb6 24. Rd1 Rxc6 25. Rxd3 Rcd6 26. Rxd6 Rxd6 27. Ke3
Kf8 28. c4 e5 29. b5 axb5 30. cxb5 Rb6 31. Ra8+ Ke7 32. Ra7+ Ke8 33. Ra8+ Ke7
34. Ra7+ Ke8 {Game drawn by mutual agreement} 1/2-1/2

[Event "Team 45 45 League T33"]
[Site "Internet Chess Club"]
[Date "2007.04.28"]
[Round "2"]
[White "SeniorCitizen"]
[Black "klt713"]
[Result "1/2-1/2"]
[WhiteElo "1291"]
[BlackElo "1284"]
[ECO "B41"]
[TimeControl "2700+45"]

1. e4 c5 2. Nf3 e6 3. d4 a6 4. Be2 b5 5. Be3 Qc7 6. O-O Bb7 7. Nbd2 Nf6 8. e5
Nd5 9. c3 Nxe3 10. fxe3 g6 11. Ng5 Bh6 12. Nxf7 Bxe3+ 13. Kh1 Bxg2+ 14. Kxg2 Rg8
15. Bf3 Nc6 16. Bxc6 Qxc6+ 17. Kg3 cxd4 18. cxd4 Bxd4 19. Rc1 Qd5 20. Nf3 Bxb2
21. Nd6+ Ke7 22. Qxd5 exd5 23. Rcd1 d4 24. Nxd4 Rgf8 25. Nf3 Ra7 26. Ne4 Rc7 27.
Rd2 Ba3 28. Nf6 Ke6 29. Nxh7 Rfc8 30. Nhg5+ Ke7 31. Rd3 Bb2 32. Rfd1 Rf8 33. Nh7
Rf5 34. Nf6 Rxf3+ 35. Kxf3 Bxe5 36. Nxd7 Bxh2 37. Kg4 Rc4+ 38. Rd4 Rxd4+ 39.
Rxd4 Bd6 40. Nb6 Ke6 41. Nc8 Bc5 42. Rd1 a5 43. Kg5 a4 44. Kxg6 b4 45. Rb1 Kd7
46. Nb6+ Bxb6 47. Rxb4 Kc6 48. Rxa4 Kb5 49. Rg4 Bc5 50. Rg3 Ka4 51. Rb3 Bb4 52.
Kf5 Ba5 53. Ke4 Be1 54. Kd3 Bh4 55. Kc4 Be7 56. Kc3 Bd6 57. Kc2 Bb4 58. Kb1 Ba3
59. Rf3 Bb4 60. Rf4 Kb5 61. Rf8 Bxf8 62. a3 Bxa3 {Game drawn because neither
player has mating material} 1/2-1/2

[Event "Team 45 45 League T33"]
[Site "Internet Chess Club"]
[Date "2007.04.30"]
[Round "2"]
[White "fabill"]
[Black "ADIOKiddo4Ever"]
[Result "0-1"]
[WhiteElo "1118"]
[BlackElo "1355"]
[ECO "A45"]
[TimeControl "2700+45"]

1. d4 Nf6 2. Nc3 g6 3. e3 Bg7 4. Be2 O-O 5. Nf3 d6 6. h3 h5 7. Bd2 Nc6 8. a3 Bf5
9. Ng5 Bh6 10. h4 Nh7 11. Nxh7 Kxh7 12. Bf3 Qd7 13. Bc1 Bg4 14. Qe2 a6 15. Bd2
Qf5 16. O-O-O Bxf3 17. gxf3 e5 18. e4 Bxd2+ 19. Rxd2 Qf4 20. Nd5 Qh6 21. dxe5
dxe5 22. Qe3 Qxe3 23. fxe3 Rac8 24. Nf6+ Kg7 25. Nd7 Rfd8 26. Nc5 Rxd2 27. Kxd2
Rd8+ 28. Kc1 Rb8 29. Nd7 Ra8 30. Nc5 b5 31. Nd3 a5 32. f4 exf4 33. exf4 Nd4 34.
Kb1 Nf3 35. Nc5 c6 36. c3 a4 37. Rh3 Nd2+ 38. Kc2 Nf1 39. Rd3 Rc8 40. Nb7 Nh2
41. Rd6 Ng4 42. Na5 c5 43. Rb6 Ne3+ 44. Kb1 Ng2 45. f5 Nxh4 46. fxg6 fxg6 47.
Rxb5 g5 48. Rb7+ Kf6 49. Nc4 g4 50. e5+ Ke6 51. Rh7 g3 52. Rxh5 g2 53. Rg5 Rf8
54. Ne3 Rf1+ 55. Ka2 g1=Q 56. Rxg1 Rxg1 57. Nc4 Kd5 58. Ne3+ Kxe5 59. Nc4+ Kf4
60. Nb6 Ke4 61. Nxa4 c4 62. Nb6 Kd3 63. Nd5 Nf5 64. Nf4+ Ke4 65. Ne6 Ne3 66.
Nc5+ Kd5 67. Nd7 Nc2 68. Nf6+ Ke6 69. Ne4 Ra1# {White checkmated} 0-1

[Event "Team 45 45 League T33"]
[Site "Internet Chess Club"]
[Date "2007.04.27"]
[Round "2"]
[White "Luckydawg"]
[Black "bmw2002"]
[Result "0-1"]
[WhiteElo "1623"]
[BlackElo "1629"]
[ECO "A15"]
[TimeControl "2700+45"]

1. c4 Nf6 2. g3 d5 3. cxd5 Nxd5 4. Bg2 e5 5. Nc3 Be6 6. Nf3 Nc6 7. O-O Be7 8. d4
exd4 9. Nxd4 Nxd4 10. Qxd4 Bf6 11. Qa4+ Bd7 12. Qe4+ Ne7 13. Nd5 Bc6 14. Nxf6+
gxf6 15. Qf4 Bxg2 16. Qxf6 Ng6 17. Qxd8+ Rxd8 18. Kxg2 Ke7 19. Be3 a5 20. Rfd1
b6 21. Rd4 c5 22. Re4+ Kd7 23. Bg5 Rc8 24. Rd1+ Kc6 25. a4 Rhe8 26. Rxe8 Rxe8
27. Rd2 c4 28. Rd4 Kc5 29. Be3 Kb4 30. b3 Kxb3 31. Rd1 c3 32. Rb1+ Kxa4 33. Bxb6
Rxe2 34. Ra1+ Kb3 35. Bxa5 c2 36. Kf3 Re5 37. Bd2 Rd5 38. Ke2 Kb2 39. f4 Kxa1
{White resigns} 0-1

[Event "Team 45 45 League T33"]
[Site "Internet Chess Club"]
[Date "2007.04.29"]
[Round "2"]
[White "Sean"]
[Black "boffman"]
[Result "1-0"]
[WhiteElo "1614"]
[BlackElo "1498"]
[ECO "A13"]
[TimeControl "2700+45"]

1. Nf3 d5 2. c4 e6 3. cxd5 exd5 4. g3 Nf6 5. Bg2 Be7 6. O-O O-O 7. d4 c5 8. e3
Nc6 9. Nc3 cxd4 10. Nxd4 Nxd4 11. Qxd4 Be6 12. b3 Rc8 13. Rd1 Bc5 14. Qd3 Bb4
15. Nxd5 Nxd5 16. Bxd5 Rc3 17. Qd4 Qxd5 18. Qxd5 Bxd5 19. Rxd5 Rc7 20. Bb2 Rfc8
21. Rad1 f6 22. Rd7 b6 23. a3 Bc3 24. Bxc3 Rxc3 25. Rxa7 Rxb3 26. Rdd7 Rbc3 27.
Rxg7+ Kf8 28. Rxh7 R3c6 29. Rh8# {Black checkmated} 1-0

[Event "Team 45 45 League T33"]
[Site "Internet Chess Club"]
[Date "2007.04.27"]
[Round "2"]
[White "Rubacchus"]
[Black "allanchs"]
[Result "0-1"]
[WhiteElo "1367"]
[BlackElo "1618"]
[ECO "C31"]
[TimeControl "2700+45"]

1. e4 e5 2. f4 d5 3. fxe5 Qh4+ 4. g3 Qxe4+ 5. Kf2 Qxh1 6. Nf3 Nc6 7. Qe1 Bg4 8.
e6 Qxf3+ 9. Kg1 Bc5+ 10. d4 Bxd4+ {White resigns} 0-1

[Event "Team 45 45 League T33"]
[Site "Internet Chess Club"]
[Date "2007.04.28"]
[Round "2"]
[White "MathWorker"]
[Black "houseofcook"]
[Result "0-1"]
[WhiteElo "1522"]
[BlackElo "1439"]
[ECO "C05"]
[TimeControl "2700+45"]

1. e4 e6 2. d4 d5 3. Nd2 Nf6 4. e5 Nfd7 5. Bd3 c5 6. c3 Nc6 7. Ne2 Qb6 8. Nf3
cxd4 9. cxd4 Nb4 10. O-O Nxd3 11. Qxd3 Be7 12. Bg5 f6 13. exf6 Bxf6 14. Bxf6
Nxf6 15. Rfe1 O-O 16. Qa3 Bd7 17. Rac1 Rac8 18. Nc3 a6 19. b3 Qd8 20. Qb2 Rc7
21. Ne5 Bc8 22. f3 Qe8 23. Ne2 Rxc1 24. Rxc1 Nd7 25. Nd3 Qg6 26. Nef4 Qf5 27.
Rc3 Nb6 28. Qc2 Bd7 29. Rc7 Bc6 30. g3 g5 31. Ng2 Qxf3 32. Qb1 Bb5 33. Rc3 Bxd3
34. Qxd3 Qf2+ 35. Kh1 Qf1+ 36. Qxf1 Rxf1# {White checkmated} 0-1